 Dungeon Crawl Stone Soup version 0.32-a0-314-g526f7d4993 (webtiles) character file.

Game seed: 5536485983705699248

43 GordonOverkill the Sneak (level 3, -2/20 HPs)
             Began as a Spriggan Delver on Feb 15, 2024.
             Slain by an orc
             ... wielding a +0 halberd
              (9 damage)
             ... in a bailey.
             The game lasted 00:03:35 (628 turns).

GordonOverkill the Sneak (Spriggan Delver)           Turns: 628, Time: 00:03:35

Health: -2/20      AC:  2    Str:  8    XL:     3   Next: 37%
Magic:  6/6        EV: 16    Int: 13    God:
Gold:   13         SH:  6    Dex: 16    Spells: 5/5 levels left

rFire   . . .        a - +0 short sword
rCold   . . .        k - +2 buckler
rNeg    . . .        b - +0 robe
rPois   .            (helmet restricted)
rElec   .            (no cloak)
rCorr   .            (gloves unavailable)
SInv    +            (boots unavailable)
Will    .....        (no amulet)
Stlth   ++++         (no ring)
HPRegen 0.23/turn    (no ring)
MPRegen 0.10/turn

%: no passive effects
@: very quick
A: very small, no large weapons, unfitting armour, see invisible, speed 3
a: no special abilities


You were in a bailey.
You visited 1 branch of the dungeon, and saw 3 of its levels.
You also visited: Bailey.

You collected 13 gold pieces.

Inventory:

Hand Weapons
 a - a +0 short sword (weapon)
Missiles
 j - 6 poisoned darts (quivered)
Armour
 b - a +0 robe (worn)
 k - a +2 buckler (worn)
Wands
 g - a wand of digging (3)
Scrolls
 c - a scroll of fog
 d - a scroll of revelation
 e - 2 scrolls of fear
 l - a scroll of immolation
Potions
 f - a potion of haste
 h - a potion of magic {unknown}
 i - a potion of might


   Skills:
 - Level 3.0 Fighting
 - Level 3.0 Short Blades
 - Level 2.6 Dodging
 - Level 7.2 Stealth
 + Level 1.9 Spellcasting


You had 5 spell levels left.
You didn't know any spells.
Your spell library was empty.

Dungeon Overview and Level Annotations

Branches:
Dungeon (7/15)             Bailey (1/1)
 Temple: D:4-7

Altars:

Annotations:
D:5 Menkaure


Innate Abilities, Weirdness & Mutations

You are very small and have problems with some larger weapons.
You are too small for most types of armour.
You have supernaturally acute eyesight. (SInv)
You cover ground extremely quickly. (Speed+++)


Message History

You puncture the orc!
You kill the orc!
Things that are here:
a +0 halberd; a +0 chain mail; an orc corpse
There is an open door here.
As you open the door, it creaks loudly!
An orc comes into view. It is wielding a +0 halberd.
The orc shouts!
You hear a shout!
Something unseen opens the door.
The orc closely misses you. The orc hits you with a +0 halberd.
There is an open door here.
You hit the orc.
The orc is lightly wounded.
You block the orc's attack.
You barely miss the orc.
The orc is lightly wounded.
The orc misses you.
You hit the orc but do no damage.
The orc is lightly wounded.
An orc comes into view. It is wielding a +0 spear.
The orc hits you with a +0 halberd!
Ouch! That really hurt!
* * * LOW HITPOINT WARNING * * *
You hit the orc.
The orc is heavily wounded.
You hit the orc but do no damage.
The orc is heavily wounded.
You block the orc's attack. The orc closely misses you.
You barely miss the orc.
The orc is heavily wounded.
You block the orc's attack. x2
You hit the orc but do no damage.
The orc is heavily wounded.
The orc closely misses you. The orc completely misses you.
You hit the orc but do no damage.
The orc is heavily wounded.
The orc hits you from afar with a +0 spear.
* * * LOW HITPOINT WARNING * * *
The orc hits you with a +0 halberd!
You die...

### ### ###
+)###.###∩#
##'##'##'##
##.....##
###.....###
#)'..∩..'.#
###.....###
#....o#
#+##@##'#
#.# #o# ###
### #g# +#


You could see 2 orcs.

Vanquished Creatures
  An iguana (D:5)
  A gnoll (Bailey)
  An orc (Bailey)
  2 goblins (D:7)
5 creatures vanquished.

Notes
Turn   | Place    | Note
-------+----------+-------------------------------------------
     0 | D:5      | GordonOverkill the Spriggan Delver began the quest for the
                  | Orb.
     0 | D:5      | Reached XP level 1. HP: 11/11 MP: 2/2
     8 | D:5      | Noticed a +0 hand axe
     9 | D:5      | Noticed a +0 dagger
    12 | D:6      | Noticed a kobold brigand
    25 | D:5      | Noticed an iguana
    27 | D:5      | Killed an iguana
    28 | D:5      | Reached XP level 2. HP: 16/16 MP: 3/3
    29 | D:5      | Noticed Menkaure
   194 | D:6      | Noticed a black bear
   194 | D:6      | Noticed an ice beast
   219 | D:6      | Noticed a sky beast
   325 | D:6      | Noticed a steam dragon
   377 | D:7      | Found a flagged portal.
   510 | D:7      | Reached skill level 1 in Spellcasting
   510 | D:7      | Reached XP level 3. HP: 10/20 MP: 3/5
   570 | Bailey   | Entered a bailey
   628 | Bailey   | Slain by an orc

Illustrated notes

Levels and vault maps discovered:
D:5:      layout_basic, dancing_weapons_uskayaw, temple_fountains, uniq_menkaure
D:6:      layout_basic
D:7:      layout_gridville, okawaru_metal_pillars_3, enter_bailey_5,
          kennysheep_generic_room_12
Bailey:   bailey_polearm_nasty_gnolls, bailey

Skill      XL: |  1  2 |
---------------+-------+-----
Fighting       | 3 |  3.0
Short Blades   | 3 |  3.0
Spellcasting   | 1 |  1.9
Dodging        | |  2.6
Stealth        | |  7.2

Action                     || total
---------------------------++-------
  Melee: Short sword       ||    21
    Use: Scroll            ||     2
   Stab: Sleeping          ||     3
 Armour: Robe              ||     9
  Dodge: Dodged            ||    11
  Block: Buckler           ||     8

Table legend: (Time is in decaauts)
 A = Elapsed time spent in this place.
 B = Non-inter-level travel time spent in this place.
 C = Inter-level travel time spent in this place.
 D = Time resting spent in this place.
 E = Time spent auto-exploring this place.
 F = Levels seen in this place.
 G = Mean time per level.
                   A        B        C        D        E       F      G
               +--------+--------+--------+--------+--------+-----+--------+
         Total |    431 |    431 |      0 |     63 |      0 |   4 |  107.8 |
       Dungeon |    386 |    386 |      0 |     55 |      0 |   3 |  128.7 |
        Bailey |     44 |     44 |      0 |      8 |      0 |   1 |   44.0 |
               +--------+--------+--------+--------+--------+-----+--------+

Top non-repeatable levels by time:
     D:6: 205 daAuts
     D:7: 151 daAuts
  Bailey: 44 daAuts
     D:5: 29 daAuts
